 Dungeon Crawl Stone Soup version 0.21.1-1-g345015fe64 (webtiles) character file.

7 Kejsarherre the Skirmisher (level 2, -1/24 HPs)
             Began as a Formicid Chaos Knight on May 12, 2018.
             Slain by a kobold
             ... wielding a +0 short sword
              (4 damage)
             ... on level 1 of the Dungeon.
             The game lasted 00:00:30 (18 turns).

Kejsarherre the Skirmisher (Formicid Chaos Knight)    Turns: 18, Time: 00:00:31

Health: -1/24      AC:  5    Str: 16    XL:     2   Next: 5%
Magic:  2/2        EV: 11    Int: 11    God:    Xom [..*...]
Gold:   0          SH:  0    Dex: 10    Spells: 1/1 levels left

rFire    . . .     SeeInvis +   a - +0 hand axe (chaos)
rCold    . . .     Gourm    .   (no shield)
rNeg     . . .     Faith    .   b - +2 leather armour
rPois    .         Spirit   .   (helmet unavailable)
rElec    .         Reflect  .   (no cloak)
rCorr    .         Harm     .   (no gloves)
MR       .....                  (no boots)
Stlth    +.........             (no amulet)
HPRegen  0.08/turn              (no ring)
MPRegen  0.08/turn              (no ring)

@: no status effects
A: permanent stasis, dig shafts and tunnels, four strong arms, antennae 3
a: Dig, Shaft Self, Renounce Religion


You were on level 1 of the Dungeon.
You worshipped Xom.
You were a toy of Xom.
You were not hungry.

You visited 1 branch of the dungeon, and saw 1 of its levels.

Inventory:

Hand Weapons
 a - a +0 hand axe of chaos (weapon)
Armour
 b - a +2 leather armour (worn)
Comestibles
 c - a ration


   Skills:
 + Level 3.5 Fighting
 + Level 3.2 Axes
 - Level 2.1 Armour
 - Level 0.8 Dodging


You had one spell level left.
You didn't know any spells.

Dungeon Overview and Level Annotations

Branches:
Dungeon (1/15)

Altars:


Innate Abilities, Weirdness & Mutations

You cannot be hasted, slowed, berserked, paralysed or teleported.
You can dig through walls and to a lower floor.
Your four strong arms can wield two-handed weapons with a shield.
You have a pair of large antennae on your head. (SInv)


Message History

You hit the frilled lizard. The frilled lizard misses you.
The hobgoblin hits you with a club.
* * * LOW HITPOINT WARNING * * *
Your goblin zombie hits the hobgoblin with a club.
The hobgoblin dies!
You have reached level 2!
Unknown command.
You barely miss the frilled lizard.
The frilled lizard is heavily wounded.
You hit the frilled lizard.
You kill the frilled lizard!
The frilled lizard barely misses you.
You hit the kobold but do no damage. You closely miss the frilled lizard.
The frilled lizard bites you.
* * * LOW HITPOINT WARNING * * *
Your goblin zombie hits the kobold but does no damage.
The dart slug completely misses your butterfly.
The kobold hits you with a short sword.
You die... "I guess I need a new plaything now."

#..#######..
#..#†....#...
#..#.≈≈≈!#..#
#<.#.≈w≈†#..#
##..#wXw≈.#!..
#...#.†...#..#
#...#######..#
#.#.b.Z†....##
#.#b.)@K......
#......lb$....
#.##...#......
#. #...#bw..##
. #...b .....
. P..........
P♣
.P..........
♣P...... ....


You could see a dart slug, a kobold, a frilled lizard, a neutral kraken, 3
neutral tentacles and a friendly goblin zombie.

Vanquished Creatures
  A goblin (D:1)
  2 jackals (D:1)
  A kobold (D:1)
  A frilled lizard (D:1)
5 creatures vanquished.

Vanquished Creatures (collateral kills)
  A hobgoblin (D:1)
1 creature vanquished.

Vanquished Creatures (others)
  2 minotaurs (D:1)
  2 draconians (D:1)
  An octopode (D:1)
  A vampire (D:1)
  2 ogres (D:1)
  A dwarf (D:1)
  2 centaurs (D:1)
  A mummy (D:1)
  A tentacle (D:1)
13 creatures vanquished.

Grand Total: 19 creatures vanquished

Notes
Turn   | Place    | Note
-------+----------+-------------------------------------------
     0 | D:1      | Kejsarherre the Formicid Chaos Knight began the quest for the Orb.
     0 | D:1      | Reached XP level 1. HP: 18/18 MP: 1/1
     0 | D:1      | Noticed a draconian
     0 | D:1      | Noticed an ogre
     0 | D:1      | Noticed a vampire
     0 | D:1      | Noticed a draconian
     0 | D:1      | Noticed a kraken
     0 | D:1      | Noticed a centaur
     0 | D:1      | Noticed an ogre
     0 | D:1      | Noticed a centaur
     0 | D:1      | Noticed a minotaur
     0 | D:1      | Noticed an octopode
     0 | D:1      | Noticed a dwarf
     0 | D:1      | Noticed a minotaur
     2 | D:1      | Killed a centaur
     3 | D:1      | Killed a centaur
     6 | D:1      | Killed a dwarf
     6 | D:1      | Killed a minotaur
     8 | D:1      | Killed a vampire
     8 | D:1      | Killed an octopode
    10 | D:1      | Killed an ogre
    12 | D:1      | Killed an ogre
    12 | D:1      | Killed a draconian
    12 | D:1      | XOM: butterfly on damage
    12 | D:1      | Killed a draconian
    13 | D:1      | Killed a minotaur
    16 | D:1      | Reached XP level 2. HP: 5/24 MP: 2/2
    18 | D:1      | Slain by a kobold

Action                   || total
-------------------------++-------
Melee: Hand axe          ||    13
Armor: Leather armour    ||     5
Dodge: Dodged            ||    14
